 Dungeon Sprint DCSS version 0.30-a0-159-g068b764562 (webtiles) character file.

Game seed: 11575364757137126996

1309 wilfster70 the Cleaver (level 8, -6/81 HPs)
             Began as a Minotaur Fighter on Sept 27, 2022.
             Was an Initiate of Gozag.
             Mangled by a cyan ugly thing (17 damage)
             ... in the Dungeon (Sprint IX: "|||||||||||||||||||||||||||||").
             The game lasted 00:02:04 (393 turns).

wilfster70 the Cleaver (Minotaur Fighter)            Turns: 393, Time: 00:02:04

Health: -6/81      AC: 16    Str: 22    XL:     8   Next: 32%
Magic:  7/7        EV:  9    Int:  7    God:    Gozag
Gold:   274        SH:  6    Dex: 12    Spells: 7/7 levels left

rFire   . . .      SeeInvis .    a - +3 war axe (freeze)
rCold   . . .      Faith    .    c - +0 buckler
rNeg    . . .      Spirit   .    p - +0 plate armour
rPois   .          Reflect  .    (helmet restricted)
rElec   .          Harm     .    (no cloak)
rCorr   .          Rampage  .    (no gloves)
Will    .....      NoTele   +    o - +0 pair of boots
Stlth   ..........               (no amulet)
HPRegen 0.23/turn                n - +2 ring of evasion
MPRegen 0.10/turn                q - +3 ring of dexterity

@: gold aura, on berserk cooldown, slowed, very slow
A: horns 2, retaliatory headbutt
a: Renounce Religion, Potion Petition, Call Merchant, Bribe Branch


You were in the Dungeon.
You worshipped Gozag.
Gozag was aware of your devotion.
You visited 1 branch You collected 450 gold pieces.
You paid 176 gold pieces to Gozag.

Inventory:

Hand Weapons
 a - a +3 war axe of freezing (weapon)
 b - a +2 morningstar of protection
Armour
 c - a +0 buckler (worn)
 o - a +0 pair of boots (worn)
 p - a +0 plate armour (worn)
Jewellery
 n - a +2 ring of evasion (left hand)
 q - a +3 ring of dexterity (right hand)
Wands
 m - a wand of light (10)
Scrolls
 j - 2 scrolls of blinking
 l - 2 scrolls of amnesia
Potions
 d - a potion of might
 e - 5 potions of curing
 g - a potion of haste
 h - 4 potions of magic
 k - a potion of invisibility


   Skills:
 + Level 10.6 Fighting
 * Level 14.0 Axes
 + Level 10.6 Armour
 + Level 10.6 Shields


You had 7 spell levels left.
You didn't know any spells.
Your spell library was empty.

Dungeon Overview and Level Annotations

Branches:
Dungeon (1/1)

Altars:
Cheibriados
Dithmenos
Elyvilon
Fedhas
Gozag
Hepliaklqana
Kikubaaqudgha
Makhleb
Nemelex Xobeh
Okawaru
Qazlal
Ru
Sif Muna
Trog
Uskayaw
Vehumet
Wu Jian
Xom
Yredelemnul
Zin
The Shining One
Jiyva
Lugonu


Innate Abilities, Weirdness & Mutations

You have a pair of horns on your head.
You reflexively headbutt those who attack you in melee.


Message History

* * * LOW HITPOINT WARNING * * *
You barely miss the cyan ugly thing.
The cyan ugly thing is lightly wounded.
The kobold demonologist looks satisfied for a moment.
You block the cyan ugly thing's attack.
You feel much better.
The cyan ugly thing headbutts you but does no damage.
You block the cyan ugly thing's attack.
You hit the cyan ugly thing. You freeze the cyan ugly thing.
The cyan ugly thing is lightly wounded.
The cyan ugly thing headbutts you but does no damage.
You hit the cyan ugly thing. You freeze the cyan ugly thing.
The cyan ugly thing is lightly wounded.
The tengu conjurer gestures wildly while chanting.
The tengu conjurer conjures a globe of magical energy!
The cyan ugly thing headbutts you. The cyan ugly thing shocks you!
* * * LOW HITPOINT WARNING * * *
The kobold demonologist mumbles some strange words.
A battlesphere comes into view.
You barely miss the cyan ugly thing. You headbutt the cyan ugly thing.
The cyan ugly thing is moderately wounded.
The cyan ugly thing headbutts you but does no damage.
You feel much better. The cyan ugly thing headbutts you!
The cyan ugly thing shocks you!
* * * LOW HITPOINT WARNING * * *
The kobold demonologist mumbles some strange words.
The cyan ugly thing closely misses you.
You feel much better. The cyan ugly thing headbutts you.
The cyan ugly thing shocks you!
* * * LOW HITPOINT WARNING * * *
The kobold demonologist is distracted by your dazzling golden aura.
The kobold demonologist shouts!
You slash the cyan ugly thing! You freeze the cyan ugly thing.
You headbutt the cyan ugly thing!
The cyan ugly thing is heavily wounded.
The cyan ugly thing headbutts you!
* * * LOW HITPOINT WARNING * * *
The cyan ugly thing shocks you!
You die...
Your body crumbles into a pile of gold. $$$$$ $ $ $ $$$$$ $ ▓▓▓▓▓▓▓▓▓▓▓▓▓▓▓▓▓▓▓▓▓▓▓▓ .*DQ9Ku@..).)'..[.[.)..' ▓▓▓▓▓▓▓▓▓▓▓▓▓▓▓▓▓▓▓▓▓▓▓▓

You could see a cyan ugly thing, a kobold demonologist, a tengu conjurer, an acid dragon, a gargoyle and a battlesphere (distracted).

Vanquished Creatures
  A catoblepas (D)
  A hornet (D)
  A wyvern (D)
  An ogre (D)
  A kobold brigand (D)
  A gnoll sergeant (D)
  A killer bee (D)
  A howler monkey (D)
  A hound (D)
  An iguana (D)
  A gnoll (D)
  An adder (D)
  A hobgoblin (D)
  A quokka (D)
  A bat (D)
  A frilled lizard (D)
  A kobold (D)
17 creatures vanquished.

Notes
Turn   | Place    | Note
-------+----------+-------------------------------------------
     0 | D        | wilfster70 the Minotaur Fighter began the quest for the
                  | Orb.
     0 | D        | Reached XP level 1. HP: 19/19 MP: 0/0
    11 | D        | Reached skill level 3 in Axes
    63 | D        | Noticed a hound
    63 | D        | Noticed an ogre
    63 | D        | Noticed an iguana
    67 | D        | Killed an iguana
    68 | D        | Reached skill level 5 in Axes
    68 | D        | Reached XP level 2. HP: 27/28 MP: 1/1
    68 | D        | Reached XP level 3. HP: 34/35 MP: 2/2
    70 | D        | Reached skill level 5 in Fighting
    70 | D        | Reached skill level 5 in Armour
    70 | D        | Reached skill level 5 in Shields
    73 | D        | Killed an ogre
    74 | D        | Reached skill level 7 in Axes
    74 | D        | Reached XP level 4. HP: 42/45 MP: 3/3
    77 | D        | Reached XP level 5. HP: 48/51 MP: 4/4
    86 | D        | Reached skill level 8 in Axes
   121 | D        | Found a snail-covered altar of Cheibriados.
   121 | D        | Found a shadowy altar of Dithmenos.
   121 | D        | Found a white marble altar of Elyvilon.
   121 | D        | Found a blossoming altar of Fedhas.
   121 | D        | Found an opulent altar of Gozag.
   122 | D        | Found a hazy altar of Hepliaklqana.
   123 | D        | Found a viscous altar of Jiyva.
   124 | D        | Found an ancient bone altar of Kikubaaqudgha.
   125 | D        | Found a corrupted altar of Lugonu.
   126 | D        | Found a burning altar of Makhleb.
   127 | D        | Found a sparkling altar of Nemelex Xobeh.
   128 | D        | Found an iron altar of Okawaru.
   129 | D        | Became a worshipper of Gozag Ym Sagoz the Greedy
   130 | D        | Found a stormy altar of Qazlal.
   131 | D        | Found a sacrificial altar of Ru.
   132 | D        | Found a shimmering blue altar of Sif Muna.
   133 | D        | Found a bloodstained altar of Trog.
   134 | D        | Found a hide-covered altar of Uskayaw.
   135 | D        | Found a radiant altar of Vehumet.
   136 | D        | Found an ornate altar of the Wu Jian Council.
   137 | D        | Found a shimmering altar of Xom.
   138 | D        | Found a basalt altar of Yredelemnul.
   139 | D        | Found a glowing silver altar of Zin.
   140 | D        | Found a glowing golden altar of the Shining One.
   187 | D        | Noticed a hornet
   187 | D        | Noticed a wyvern
   190 | D        | Killed a wyvern
   191 | D        | Reached skill level 10 in Axes
   191 | D        | Reached XP level 6. HP: 42/61 MP: 5/5
   197 | D        | Reached skill level 11 in Axes
   209 | D        | Killed a hornet
   210 | D        | Reached skill level 12 in Axes
   210 | D        | Reached XP level 7. HP: 40/70 MP: 6/6
   367 | D        | Noticed a tengu conjurer
   367 | D        | Noticed a gargoyle
   367 | D        | Noticed a cyan ugly thing
   367 | D        | Noticed a catoblepas
   367 | D        | Noticed a kobold demonologist
   372 | D        | Killed a catoblepas
   373 | D        | Reached skill level 10 in Fighting
   373 | D        | Reached skill level 14 in Axes
   373 | D        | Reached skill level 10 in Armour
   373 | D        | Reached skill level 10 in Shields
   373 | D        | Reached XP level 8. HP: 81/81 MP: 7/7
   393 | D        | Mangled by a cyan ugly thing

Illustrated notes

Levels and vault maps discovered:
D:        linesprint [early_d, line_temple, items_1, d_10, items_2, lair_1,
          lair_end, items_3, orc_1, orc_end, items_4, d_15, swamp_1, shoals_1,
          snake_1, spider_1, d_20, vaults_1, items_5, swamp_end, shoals_end,
          snake_end, spider_end, vaults_end, d_27, items_6, zot_1, zot_end,
          crypt_end, forest_end, elf_end, slime_end, tomb_end, abyss_end,
          pan_hell_end]

Skill      XL: |  1  2  3  4  5  6  7 |
---------------+----------------------+-----
Axes           | 5 7 10 12 14 | 14.0
Fighting       | 4 6 7 9 10 | 10.6
Armour         | 4 6 7 9 10 | 10.6
Shields        | 4 6 7 9 10 | 10.6

Action                   |  1- 3 |  4- 6 |  7- 9 || total
-------------------------+-------+-------+-------++-------
Melee: War axe           |    22 |    31 |    13 ||    66
       Headbutt          |     4 |     4 |     4 ||    12
Invok: Potion Petition   |       |       |     1 ||     1
  Use: Potion            |       |       |     4 ||     4
Armor: Scale mail        |     9 |     7 |       ||    16
       Plate armour      |       |    10 |     8 ||    18
Dodge: Dodged            |     7 |    15 |     3 ||    25
Block: Buckler           |     5 |     5 |     2 ||    12

Table legend: (Time is in decaauts)
 A = Elapsed time spent in this place.
 B = Non-inter-level travel time spent in this place.
 C = Inter-level travel time spent in this place.
 D = Time resting spent in this place.
 E = Time spent auto-exploring this place.
 F = Levels seen in this place.
 G = Mean time per level.
                   A        B        C        D        E       F      G
               +--------+--------+--------+--------+--------+-----+--------+
         Total |    406 |    406 |      0 |    209 |      0 |   1 |  406.0 |
       Dungeon |    406 |    406 |      0 |    209 |      0 |   1 |  406.0 |
               +--------+--------+--------+--------+--------+-----+--------+

Top non-repeatable levels by time:
       D: 406 daAuts
